 Dungeon Crawl Stone Soup version 0.27.1-35-g4d5d836560 (webtiles) character file.

Game seed: 10251647766075447933

261 Delamore the Sneak (level 6, -1/39 HPs)
             Began as an Octopode Brigand on Apr 22, 2022.
             Shot with a bolt by a kobold (9 damage)
             ... on level 4 of the Dungeon.
             The game lasted 00:03:39 (3710 turns).

Delamore the Sneak (Octopode Brigand)               Turns: 3710, Time: 00:03:40

Health: -1/39      AC:  1    Str: 10    XL:     6   Next: 18%
Magic:  0/6        EV: 13    Int: 13    God:
Gold:   92         SH:  0    Dex: 22    Spells: 5/5 levels left

rFire    . . .     SeeInvis .   a - +2 dagger
rCold    . . .     Faith    .   (no shield)
rNeg     . . .     Spirit   +   (helmet restricted)
rPois    .         Reflect  .   s - amulet of guardian spirit
rElec    .         Harm     .   h - +6 ring of dexterity
rCorr    +         Rampage  .   m - ring of resist corrosion
Will     .....                  (no ring)
Stlth    +++++.....             (no ring)
HPRegen  0.13/turn              (no ring)
MPRegen  0.10/turn              (no ring)
                                (no ring)
                                (no ring)

@: no status effects
A: almost no armour, amphibious, 8 rings, camouflage 1, gelatinous body 1,
(nimble swimmer 1), tentacles
a: no special abilities


You were on level 4 of the Dungeon.
You visited 1 branch of the dungeon, and saw 4 of its levels.

You collected 137 gold pieces.
You spent 45 gold pieces at shops.

Inventory:

Hand Weapons
 a - a +2 dagger (weapon)
Missiles
 b - 14 poisoned darts (quivered)
 c - a throwing net
 d - 6 boomerangs
 f - 2 curare-tipped darts
Jewellery
 h - a +6 ring of dexterity (left tentacle)
 m - a ring of resist corrosion (right tentacle)
 s - an amulet of guardian spirit (around mantle)
Scrolls
 e - a scroll of enchant armour
 j - 2 scrolls of silence
 k - a scroll of acquirement {unknown}
 l - a scroll of fog {unknown}
 o - a scroll of enchant weapon {unknown}
 p - a scroll of teleportation {unknown}
 t - a scroll of immolation {unknown}
Potions
 g - a potion of curing {unknown}
 i - a potion of flight {unknown}
 n - a potion of resistance {unknown}
 q - a potion of berserk rage {unknown}
 r - a potion of haste {unknown}


   Skills:
 - Level 2.0 Fighting
 * Level 4.9 Short Blades
 - Level 3.0 Throwing
 - Level 1.0 Dodging
 + Level 7.0 Stealth


You had 5 spell levels left.
You didn't know any spells.
Your spell library contained the following spells:

 Spells                   Type           Power      Damage    Failure   Level
 Shock                    Conj/Air       0%         1d3       30%         1
 Swiftness                Air            0%         N/A       67%         3
 Airstrike                Air            0%         N/A       97%         4


Dungeon Overview and Level Annotations

Branches:
Dungeon (4/15)
 Temple: D:4-7

Altars:
Ashenzari

Shops:
D:2 (   D:3 [(([?


Innate Abilities, Weirdness & Mutations

You cannot wear most types of armour.
You are amphibious.
You can wear up to eight rings at the same time.
Your skin changes colour to match your surroundings (Stealth+).
Your rubbery body absorbs attacks. (AC +1, EV +1)
((You are camouflaged near water. (Stealth+)))
You have tentacles for arms and can constrict up to eight enemies at once.


Message History

You are too injured to fight recklessly!
You are too injured to fight recklessly!
You are too injured to fight recklessly!
You are too injured to fight recklessly!
You are too injured to fight recklessly!
You are too injured to fight recklessly!
You hit the phantom.
The phantom is severely damaged.
The phantom hits you!
* * * LOW HITPOINT WARNING * * *
The phantom blinks!
You blink.
You hit the phantom. Your squeeze misses the phantom.
The phantom is almost destroyed.
The phantom misses you.
You hit the phantom.
You destroy the phantom!
Your Stealth skill increases to level 7!
You have reached level 6!
Your experience leads to an increase in your attributes!
Your base attributes are Str 10, Int 13, Dex 15.
Increase (S)trength, (I)ntelligence, or (D)exterity?
You feel agile.
You are too injured to fight recklessly!
Throw: 16 darts (poison)
Press: ? - help, Q - select action, (/) - cycle Shift-Dir - straight line, f - kobold
Aim: a kobold, wielding a +0 short sword (59% to hit)
You throw a poisoned dart. The poisoned dart hits the kobold.
The kobold is poisoned.
The kobold unwields a +0 dagger.
The kobold wields a +0 hand crossbow.
The kobold shoots a bolt.
The bolt hits you.
* * * LOW HITPOINT WARNING * * *
Throw: 15 darts (poison)
Press: ? - help, Q - select action, (/) - cycle Shift-Dir - straight line, f/p - kobold
Aim: a kobold, wielding a +0 short sword (moderately wounded, poisoned, 59% to hit)
You throw a poisoned dart. The poisoned dart hits the kobold.
The kobold looks even sicker.
The kobold is moderately wounded.
You kill the kobold!
The kobold shoots a bolt.
The bolt hits you!
You die...

####.#####.#
.######>#
...........#
#.########
####.#######
#.........
....#.....#######.#
##########
#########.K§K.....#
.... #P #§#########
##.# ≈.. #.## .
.÷..P##.(##########.#
#
.K...P#K.)....@.....#
K§...K.K.############
K##.## #........
#########


You could see 2 kobolds.

Vanquished Creatures
  A phantom (D:4)
  A gnoll shaman (D:4)
  An orc wizard (D:3)
  4 gnolls (D:4)
  2 adders (D:2)
  2 dart slugs (D:4)
  8 orcs
  3 ball pythons
  10 endoplasms
  5 giant cockroaches
  6 hobgoblins
  4 jackals (D:1)
  A quokka (D:2)
  4 bats
  2 frilled lizards (D:3)
  7 goblins
  2 kobolds (D:4)
  4 rats
67 creatures vanquished.

Vanquished Creatures (others)
  A plant (D:4)
1 creature vanquished.

Grand Total: 68 creatures vanquished

Notes
Turn   | Place    | Note
-------+----------+-------------------------------------------
     0 | D:1      | Delamore the Octopode Brigand began the quest for the Orb.
     0 | D:1      | Reached XP level 1. HP: 14/14 MP: 1/1
   251 | D:1      | Reached XP level 2. HP: 12/19 MP: 2/2
   835 | D:1      | Reached XP level 3. HP: 11/24 MP: 3/3
  1000 | D:1      | Found a faded altar of an unknown god.
  1181 | D:2      | Found Sibbuj's Antique Weapon Shoppe.
  1651 | D:2      | Reached skill level 6 in Stealth
  1651 | D:2      | Reached XP level 4. HP: 29/29 MP: 4/4
  1730 | D:3      | Found Larastim's Magic Scroll Shop.
  1779 | D:3      | Bought a scroll of fear for 45 gold pieces
  1874 | D:3      | Found Ete Luph's Weapon Emporium.
  2153 | D:3      | Found Ceolagg's Antique Armour Emporium.
  2269 | D:3      | Found Zuram's Antique Armour Shoppe.
  2359 | D:3      | Found Esosino's Weapon Boutique.
  2582 | D:4      | Found a broken altar of Ashenzari.
  2915 | D:4      | Reached XP level 5. HP: 5/34 MP: 5/5
  3690 | D:4      | Noticed a phantom
  3707 | D:4      | Killed a phantom
  3708 | D:4      | Reached skill level 7 in Stealth
  3708 | D:4      | Reached XP level 6. HP: 9/39 MP: 2/6
  3710 | D:4      | Shot with a bolt by a kobold

Illustrated notes

Levels and vault maps discovered:
D:1:      amcnicky_arrival_blooded_trapdoor, layout_rooms,
          chequers_ecumenical_altar_simple, grunt_decor_cap, serial_bayou_pond_a
D:2:      layout_basic, serial_shops, nicolae_lakefront_shop
D:3:      layout_basic, serial_shops, shop, shop, shop, shop,
          nicolae_shop_overgrown_old_shop
D:4:      layout_loops_ring, cheibrodos_ashenzari_chains,
          lexackson_kobold_supper

Skill      XL: |  1  2  3  4  5 |
---------------+----------------+-----
Short Blades   | 3 4 |  4.9
Stealth        | 6 7 |  7.0
Throwing       | 3 |  3.0
Fighting       | |  2.0
Dodging        | |  1.0

Action                   |  1- 3 |  4- 6 || total
-------------------------+-------+-------++-------
Melee: Dagger            |    64 |    70 ||   134
       Constrict         |    14 |    18 ||    32
       Tentacles         |     7 |    15 ||    22
Throw: Dart              |       |    12 ||    12
  Use: Scroll            |       |     3 ||     3
 Stab: Sleeping          |    11 |     7 ||    18
Armor: Skin              |       |     3 ||     3
Dodge: Dodged            |    29 |    23 ||    52
